 Dungeon Crawl Stone Soup version 0.30-a0-393-g54b8e3be05 (webtiles) character file.

Game seed: 6158780002281125797

2954 bande the Chopper (level 9, -5/55 HPs)
             Began as a Gargoyle Fighter on Dec 6, 2022.
             Was a Believer of Okawaru.
             Slain by a two-headed ogre
             ... wielding a +0 giant spiked club
              (10 damage)
             ... on level 8 of the Dungeon.
             The game lasted 00:13:54 (6375 turns).

bande the Chopper (Gargoyle Fighter)                Turns: 6375, Time: 00:13:55

Health: -5/55      AC: 19    Str: 19    XL:     9   Next: 81%
Magic:  0/12       EV:  4    Int: 10    God:    Okawaru [**....]
Gold:   213        SH: 14    Dex: 13    Spells: 8/8 levels left

rFire   . . .      SeeInvis .    a - +1 war axe
rCold   . . .      Faith    .    r - +0 tower shield
rNeg    + . .      Spirit   +    j - +0 chain mail
rPois   ∞          Reflect  .    s - +0 helmet
rElec   +          Harm     .    t - +0 cloak
rCorr   .          Rampage  .    (no gloves)
Will    .....                    (no boots)
Stlth   ..........               p - amulet of guardian spirit
HPRegen 0.29/turn                (no ring)
MPRegen 0.13/turn                (no ring)

@: no status effects
A: sickness immunity, AC +6, negative energy resistance 1, electricity
resistance, torment resistance 1, petrification resistance
a: Renounce Religion, Heroism


You were on level 8 of the Dungeon.
You worshipped Okawaru.
Okawaru was pleased with you.
You visited 2 branches of the dungeon, and saw 9 of its levels.

You collected 326 gold pieces.
You spent 113 gold pieces at shops.

Inventory:

Hand Weapons
 a - a +1 war axe (weapon)
 c - a +0 war axe
Missiles
 u - a throwing net (quivered)
Armour
 j - a +0 chain mail (worn)
 r - a +0 tower shield (worn)
 s - a +0 helmet (worn)
 t - a +0 cloak (worn)
 x - a +0 hat
Jewellery
 o - a ring of fire
 p - an amulet of guardian spirit (around neck)
 q - an amulet of faith
Wands
 b - a wand of polymorph (14)
 n - a wand of roots (14)
Scrolls
 d - a scroll of magic mapping
 f - 12 scrolls of identify
 g - 6 scrolls of teleportation
 m - 4 scrolls of enchant weapon
 v - a scroll of fog
 w - a scroll of enchant armour {unknown}
Potions
 e - 5 potions of brilliance
 h - 2 potions of flight
 i - 2 potions of might
 k - 2 potions of curing
 l - a potion of haste
 z - a potion of heal wounds


   Skills:
 + Level 6.1 Fighting
 + Level 7.3 Axes
 + Level 6.2 Armour
 - Level 0.1 Stealth
 + Level 7.1 Shields
 * Level 4.3 Invocations
 * Level 3.8 Evocations


You had 8 spell levels left.
You didn't know any spells.
Your spell library contained the following spells:

 Spells                   Type           Power      Damage    Failure   Level
 Apportation              Tloc           0%         N/A       100%        1
 Necrotise                Necr           0%         1d4       100%        1
 Frozen Ramparts          Ice            0%         1d1       100%        3
 Gell's Gravitas          Tloc           0%         N/A       100%        3
 Teleport Other           Tloc           0%         N/A       100%        3
 Vhi's Electric Charge    Tloc/Air       0%         N/A       100%        3
 Ice Form                 Ice/Tmut       0%         N/A       100%        4
 Arcjolt                  Conj/Air       0%         1d10      100%        5
 Blade Hands              Tmut           0%         N/A       100%        5
 Irradiate                Conj/Tmut      0%         3d11      100%        5
 Yara's Violent Unravell  Hex/Tmut       0%         3d3       100%        5
 Dispersal                Tloc           0%         N/A       100%        6
 Dragon Form              Tmut           0%         N/A       100%        7
 Enfeeble                 Hex            0%         N/A       100%        7
 Maxwell's Capacitive Co  Air            0%         ∞         100%        8
 Summon Small Mammal      Summ           Unusable   N/A       N/A         1
 Summon Ice Beast         Ice/Summ       Unusable   N/A       N/A         4

Dungeon Overview and Level Annotations

Branches:
Dungeon (8/15)             Temple (1/1) D:5
   Lair: D:8-11

Altars:
Ashenzari
Dithmenos
Elyvilon
Hepliaklqana
Makhleb
Okawaru
Qazlal
Sif Muna
Trog
Uskayaw
Wu Jian
Xom
Yredelemnul
The Shining One

Shops:
D:3 [   D:4 *:(*


Innate Abilities, Weirdness & Mutations

You are immune to sickness and miasma.
Your stone body is resilient. (AC +6)
You are immune to poison.
You resist negative energy. (rN+)
You are resistant to electric shocks. (rElec)
You are resistant to unholy torment.
You are immune to petrification.


Message History

You slash the bullfrog!
The bullfrog is severely wounded.
You block the bullfrog's attack. x2
The two-headed ogre hits you with a +0 giant spiked club!
The two-headed ogre hits you with a +0 giant club.
You slash the bullfrog!
You kill the bullfrog!
Okawaru accepts your kill.
You barely miss the two-headed ogre.
The two-headed ogre hits you but does no damage.
You block the two-headed ogre's attack.
You slash the two-headed ogre!
The two-headed ogre is lightly wounded.
The two-headed ogre hits you with a +0 giant spiked club!!
You block the two-headed ogre's attack.
You are too injured to fight recklessly!
You are too injured to fight recklessly!
You are too injured to fight recklessly!
You are too injured to fight recklessly!
You are too injured to fight recklessly!
You are too injured to fight recklessly!
Unknown command.
You barely miss the two-headed ogre.
The two-headed ogre is lightly wounded.
The two-headed ogre completely misses you.
You block the two-headed ogre's attack.
You slash the two-headed ogre!
The two-headed ogre is moderately wounded.
The two-headed ogre hits you but does no damage.
You block the two-headed ogre's attack.
You barely miss the two-headed ogre.
The two-headed ogre is moderately wounded.
The two-headed ogre hits you with a +0 giant spiked club!
* * * LOW HITPOINT WARNING * * *
You block the two-headed ogre's attack.
You slash the two-headed ogre!
The two-headed ogre is heavily wounded.
You block the two-headed ogre's attack.
The two-headed ogre hits you with a +0 giant club!
You die...

#.# . # #.#
# .. #.
#.#.# #^. #.
#.#.#
#..#.###.#.#
#.........#
#.....#O..#
#<.<.@..#
#.##....# #
........#
####...###
..>...
.#..!.. .
+#.... #.
....


You could see a two-headed ogre.

Vanquished Creatures
  Maggie (D:6)
  Menkaure (D:6)
  A water moccasin (D:7)
  An ice beast (D:7)
  5 black bears
  5 ogres
  A phantom (D:7)
  A kobold brigand (D:6)
  3 bullfrogs
  A scorpion (D:6)
  3 wights (D:7)
  A howler monkey (D:6)
  4 crimson imps (D:3)
  2 hounds
  A jelly (D:4)
  Crazy Yiuf (D:6)
  2 gnoll boudas (D:6)
  Jessica (D:3)
  Ijyb (D:3)
  Terence (D:2)
  3 iguanas
  3 orc wizards
  16 gnolls
  4 adders
  3 white imps
  2 worms
  2 dart slugs
  19 orcs
  15 bats
  4 endoplasms
  4 giant cockroaches (D:6)
  5 goblins
  14 hobgoblins
  4 jackals (D:2)
  5 quokkas
  7 ball pythons
  4 frilled lizards
  11 kobolds
  11 rats
173 creatures vanquished.

Vanquished Creatures (others)
  4 fungi (D:6)
4 creatures vanquished.

Grand Total: 177 creatures vanquished

Notes
Turn   | Place    | Note
-------+----------+-------------------------------------------
     0 | D:1      | bande the Gargoyle Fighter began the quest for the Orb.
     0 | D:1      | Reached XP level 1. HP: 14/14 MP: 1/1
   115 | D:1      | Reached XP level 2. HP: 14/19 MP: 2/2
   232 | D:1      | Reached XP level 3. HP: 24/24 MP: 3/3
   932 | D:2      | Reached XP level 4. HP: 25/29 MP: 4/4
  1119 | D:2      | Noticed Terence
  1127 | D:2      | Killed Terence
  1388 | D:3      | Noticed a black bear
  1403 | D:2      | Killed a black bear
  1404 | D:2      | Reached XP level 5. HP: 26/33 MP: 5/5
  1569 | D:3      | Noticed Jessica
  1575 | D:3      | Killed Jessica
  1595 | D:3      | Found a hide-covered altar of Uskayaw.
  1644 | D:3      | Noticed Ijyb
  1644 | D:3      | Paralysed by Ijyb for 4 turns
  1656 | D:3      | Paralysed by Ijyb for 5 turns
  1664 | D:3      | Reached XP level 6. HP: 37/39 MP: 6/6
  1665 | D:3      | Killed Ijyb
  1666 | D:3      | Found a basalt altar of Yredelemnul.
  1739 | D:3      | Found Lyblum's Armour Shoppe.
  1746 | D:3      | Bought a +0 tower shield for 63 gold pieces
  1809 | D:3      | Found a broken altar of Ashenzari.
  1842 | D:3      | Found a shimmering altar of Xom.
  1985 | D:4      | Found Tuicup's General Store.
  2033 | D:4      | Found Caogaq's Book Shop.
  2049 | D:4      | Reached XP level 7. HP: 44/44 MP: 7/7
  2196 | D:4      | Found a white marble altar of Elyvilon.
  2363 | D:4      | Found Gyikhlo's Weapon Shop.
  2378 | D:4      | Found Tuupnim's General Store.
  2383 | D:4      | Bought a potion of heal wounds for 50 gold pieces
  2604 | D:5      | Entered Level 5 of the Dungeon
  2947 | D:5      | Reached skill level 5 in Axes
  2947 | D:5      | Reached skill level 5 in Shields
  2947 | D:5      | Reached skill level 1 in Evocations
  2955 | D:5      | Reached skill level 5 in Fighting
  3237 | D:5      | Found a staircase to the Ecumenical Temple.
  3248 | Temple   | Entered the Ecumenical Temple
  3257 | Temple   | Became a worshipper of Warmaster Okawaru
  3613 | D:6      | Reached skill level 5 in Armour
  3613 | D:6      | Reached skill level 1 in Invocations
  3613 | D:6      | Reached XP level 8. HP: 14/49 MP: 3/8
  3791 | D:6      | Noticed Maggie
  3809 | D:6      | Killed Maggie
  3811 | D:6      | Reached * piety under Okawaru
  4065 | D:6      | Noticed Menkaure
  4071 | D:6      | Killed Menkaure
  4132 | D:6      | Found a bloodstained altar of Trog.
  4154 | D:6      | Reached XP level 9. HP: 30/54 MP: 5/11
  4163 | D:6      | Reached ** piety under Okawaru
  4409 | D:6      | HP: 2/55 [gnoll/+0 halberd[a gnoll bouda] (6)]
  5208 | D:6      | Found a runed translucent door.
  5209 | D:6      | Noticed Crazy Yiuf
  5214 | D:6      | Paralysed by Crazy Yiuf for 3 turns
  5217 | D:6      | Killed Crazy Yiuf
  6364 | D:8      | Noticed a two-headed ogre
  6375 | D:8      | Slain by a two-headed ogre

Illustrated notes

Levels and vault maps discovered:
D:1:      psy_arrival_whirlpool, layout_loops_ring
D:2:      layout_loops_cross, uniq_terence
D:3:      layout_rooms, cheibrodos_ashenzari_chains, yredelemnul_altar_generic,
          mainiacjoe_overflow_surrounded_room, led_xom_imps, serial_shops, shop,
          uniq_ijyb, uniq_jessica
D:4:      dreamdust_elfheim, layout_cave_pools, mainiacjoe_overflow_alcove_2,
          serial_shops, kennysheep_little_box, shop, nicolae_shop_trees,
          nicolae_stop_n_shop_2
D:5:      layout_basic, minmay_temple_entry_antechambers
D:6:      layout_basic, trog_ov_bears_minmay, gup_sewer_entry_glass,
          uniq_menkaure, uniq_maggie, uniq_crazy_yiuf_cottage
D:7:      layout_loops_cross, mrwooster_statue_mirror, dreamdust_gnoll_farm
D:8:      layout_basic, nicolae_overflow_crystal_walls, fountainhead
Temple:   nicolae_temple_ecumenical_triangle

Skill      XL: |  1  2  3  4  5  6  7  8  9 |
---------------+----------------------------+-----
Axes           | 2 3 4 5 6 7 |  7.3
Shields        | 4 5 6 7 |  7.1
Fighting       | 4 5 6 |  6.1
Armour         | 4 5 6 |  6.2
Evocations     | 1 2 3 |  3.8
Invocations    | 1 3 4 |  4.3
Stealth        | |  0.1

Action                   |  1- 3 |  4- 6 |  7- 9 || total
-------------------------+-------+-------+-------++-------
Melee: War axe           |   116 |   143 |   364 ||   623
  Use: Scroll            |       |     8 |     7 ||    15
       Potion            |       |       |     4 ||     4
 Stab: Invisible         |       |     1 |       ||     1
Armor: Scale mail        |    74 |   103 |    28 ||   205
       Chain mail        |       |       |   230 ||   230
Dodge: Dodged            |    77 |    73 |    73 ||   223
Block: Buckler           |    40 |    28 |       ||    68
       Tower shield      |       |    38 |   352 ||   390

Table legend: (Time is in decaauts)
 A = Elapsed time spent in this place.
 B = Non-inter-level travel time spent in this place.
 C = Inter-level travel time spent in this place.
 D = Time resting spent in this place.
 E = Time spent auto-exploring this place.
 F = Levels seen in this place.
 G = Mean time per level.
                   A        B        C        D        E       F      G
               +--------+--------+--------+--------+--------+-----+--------+
         Total |   6667 |   6480 |    187 |    375 |   4353 |   9 |  740.8 |
       Dungeon |   6645 |   6458 |    187 |    375 |   4350 |   8 |  830.6 |
        Temple |     22 |     22 |      0 |      0 |      3 |   1 |   22.0 |
               +--------+--------+--------+--------+--------+-----+--------+

Top non-repeatable levels by time:
     D:6: 1936 daAuts
     D:7: 1106 daAuts
     D:2: 939 daAuts
     D:4: 774 daAuts
     D:5: 728 daAuts
     D:1: 652 daAuts
     D:3: 489 daAuts
  Temple: 22 daAuts
     D:8: 17 daAuts
